 Dungeon Crawl Stone Soup version 0.28-a0-1374-ga75cb3825e (webtiles) character file.

Game seed: 17035621713880989094

2335 Gildeon the Basher (level 9, -5/55 HPs)
             Began as a Gargoyle Fighter on Dec 31, 2021.
             Was a Believer of Ashenzari.
             Slain by a two-headed ogre (7 damage)
             ... on level 7 of the Dungeon.
             The game lasted 00:19:51 (7022 turns).

Gildeon the Basher (Gargoyle Fighter)               Turns: 7022, Time: 00:19:51

Health: -5/55      AC: 18    Str: 24    XL:     9   Next: 42%
Magic:  9/9        EV:  8    Int:  9    God:    Ashenzari [**....]
Gold:   356        SH:  4    Dex:  9    Spells: 5/8 levels left

rFire   . . .      SeeInvis +   o - +3 flail "Oracular Paranoia" {holy, Elem, Self} (curse)
rCold   . . .      Faith    .   c - +0 buckler
rNeg    + . .      Spirit   .   B - +0 chain mail
rPois   ∞          Reflect  .   (no helmet)
rElec   +          Harm     .   l - +0 cloak
rCorr   .          Rampage  .   q - +0 pair of gloves
Will    .....                   (no boots)
Stlth   ..........              A - amulet of Ashenzari's Seeker {Regen+, Evo, Range} (curse)
HPRegen 0.98/turn               D - ring "Shattered Together" {SInv, Elem, Comp} (curse)
MPRegen 0.11/turn               (no ring)

@: mighty
A: sickness immunity, AC +6, negative energy resistance 1, electricity
resistance, torment resistance 1, petrification resistance
a: Renounce Religion, Shatter the Chains


You were on level 7 of the Dungeon.
You worshipped Ashenzari.
Ashenzari was pleased with you.
You visited 2 branches of the dungeon, and saw 8 of its levels.
You also visited: Ossuary.

You collected 356 gold pieces.

Inventory:

Hand Weapons
 o - the cursed +3 flail "Oracular Paranoia" (weapon) {holy, Elem, Self}
   (You took it off an orc on level 3 of the Dungeon)

   It has been blessed by the Shining One to cause great damage to the undead
   and demons.
   It has a curse which improves the following skills: Elements: Fire Magic, Ice
   Magic, Air Magic and Earth Magic.
   Introspection: Fighting and Spellcasting.
 E - a +2 morningstar
Missiles
 p - 2 throwing nets (quivered)
Armour
 c - a +0 buckler (worn)
 l - a +0 cloak (worn)
 q - a +0 pair of gloves (worn)
 B - a +0 chain mail (worn)
Jewellery
 A - the cursed amulet of Ashenzari's Seeker (around neck) {Regen+, Evo, Range}
   (You found it on level 5 of the Dungeon)

   [amulet of regeneration]

   Regen:     It increases your rate of health regeneration.
   It has a curse which improves the following skills: Evocations: Evocations.
   Ranged Combat: Slings, Bows, Crossbows and Throwing.
 D - the cursed ring "Shattered Together" (left hand) {SInv, Elem, Comp}
   (You found it on level 5 of the Dungeon)

   [ring of see invisible]

   SInv:      It lets you see invisible.
   It has a curse which improves the following skills: Elements: Fire Magic, Ice
   Magic, Air Magic and Earth Magic.
   Companions: Summonings and Necromancy.
Wands
 i - a wand of acid (11)
 x - a wand of paralysis (17)
 z - a wand of flame (36)
Scrolls
 e - 2 scrolls of amnesia
 f - 8 scrolls of identify
 h - 2 scrolls of teleportation
 r - a scroll of silence
 v - a scroll of fog
Potions
 a - 3 potions of brilliance
 b - a potion of lignification
 d - 4 potions of might
 g - a potion of ambrosia
 j - a potion of cancellation
 k - 2 potions of haste
 s - 9 potions of curing
 t - 2 potions of mutation
 u - a potion of heal wounds
 C - 2 potions of magic


   Skills:
 - Level 4.7(6.1) Fighting
 * Level 11.1 Maces & Flails
 + Level 4.4 Armour
 + Level 1.9 Dodging
 + Level 4.4 Shields


You had 5 spell levels left.
You knew the following spells:

 Your Spells              Type           Power      Damage    Failure   Level
a - Stone Arrow           Conj/Erth      0%         3d7       100%        3

Your spell library contained the following spells:

 Spells                   Type           Power      Damage    Failure   Level
 Spider Form              Tmut/Pois      0%         N/A       100%        3
 Animate Armour           Summ/Erth      0%         N/A       100%        4
 Ice Form                 Ice/Tmut       0%         N/A       100%        4
 Sticky Flame             Conj/Fire      0%         2d3       100%        4
 Dragon Form              Tmut           0%         N/A       100%        7
 Lehudib's Crystal Spear  Conj/Erth      0%         10d2      100%        8


Dungeon Overview and Level Annotations

Branches:
Dungeon (7/15)             Temple (1/1) D:4         Ossuary (visited)

Altars:
Ashenzari
Cheibriados
Dithmenos
Elyvilon
Fedhas
Hepliaklqana
Kikubaaqudgha
Makhleb
Nemelex Xobeh
Okawaru
Qazlal
Ru
Trog
Uskayaw
Vehumet
Wu Jian
Xom
Yredelemnul
The Shining One

Shops:
D:2 (   D:4 (


Innate Abilities, Weirdness & Mutations

You are immune to sickness and miasma.
Your stone body is resilient. (AC +6)
You are immune to poison.
You resist negative energy. (rN+)
You are resistant to electric shocks. (rElec)
You are resistant to unholy torment.
You are immune to petrification.


Message History

The orc wizard hits you but does no damage.
You hit the orc wizard.
The orc wizard is moderately wounded.
The orc wizard points at you and mumbles some strange words.
The puff of flame misses you.
You hit the orc wizard.
The orc wizard is heavily wounded.
The orc wizard hits you with a +0 dagger.
You barely miss the orc wizard.
The orc wizard is heavily wounded.
The orc wizard gestures at you while chanting.
You easily resist.
You closely miss the orc wizard.
The orc wizard is heavily wounded.
You closely miss the orc wizard.
The orc wizard is heavily wounded.
The orc wizard barely misses you.
You feel very mighty all of a sudden.
The orc wizard gestures wildly while chanting.
The orc wizard flickers and vanishes for a moment.
Okay, then.
You bludgeon the orc wizard!!
You kill the orc wizard!
A bullfrog comes into view.
The bullfrog gives a loud, deep croak!
You sock the two-headed ogre!
The two-headed ogre is heavily wounded.
The two-headed ogre hits you with a +0 giant spiked club!!
The two-headed ogre closely misses you.
You barely miss the two-headed ogre.
The two-headed ogre is heavily wounded.
You sock the two-headed ogre!
The two-headed ogre is severely wounded.
The two-headed ogre hits you with a +0 giant spiked club!
The two-headed ogre hits you with a +0 giant spiked club!!
* * * LOW HITPOINT WARNING * * *
You sock the two-headed ogre!
The two-headed ogre is almost dead.
The two-headed ogre hits you with a +0 giant spiked club!
You die...

*
#################
,
............@OFo##
######..######DD#
** #.##, *##.#**
,, #.#{ ,,, #§#* ,
#.#..o....§§§.O...
#.#....y#####...D.
#######.##...* ,
...# #.....>..##.
, D## #.#.......#
, ,, , ,#


You could see a two-headed ogre, 2 steam dragons, a bullfrog and an orc.

Vanquished Creatures
  A hornet (D:7)
  Grinder (D:3)
  Eustachio (D:4)
  2 steam dragons
  A water moccasin (D:6)
  An ice beast (D:5)
  2 phantoms
  A kobold brigand (D:6)
  A gnoll sergeant (D:5)
  A water moccasin skeleton (D:5)
  A troll zombie (Ossuary)
  The ghost of casual the Changer, a weakling DsTm (D:3)
  4 centaur zombies
  A gnoll shaman (D:4)
  2 orc priests
  2 jellies
  Terence (D:2)
  Crazy Yiuf (D:2)
  4 iguanas
  2 orc wizards
  An ogre zombie (Ossuary)
  7 mummies (Ossuary)
  12 gnolls
  6 adders
  A shadow imp (D:7)
  4 ufetubi
  2 adder zombies (Ossuary)
  5 dart slugs
  A worm (D:4)
  17 orcs
  6 ball pythons
  A bat zombie (D:5)
  6 endoplasms
  3 giant cockroaches
  2 gnoll zombies (Ossuary)
  4 goblins
  5 hobgoblins
  13 jackals
  9 kobolds
  2 quokkas (D:2)
  5 bats
  5 frilled lizards
  4 goblin zombies (Ossuary)
  4 hobgoblin zombies (Ossuary)
  2 kobold zombies (Ossuary)
  5 quokka zombies (Ossuary)
  5 rats
  9 rat zombies
177 creatures vanquished.

Vanquished Creatures (others)
  A shadow imp (D:7)
  2 fungi (D:2)
  A plant (D:2)
4 creatures vanquished.

Grand Total: 181 creatures vanquished

Notes
Turn   | Place    | Note
-------+----------+-------------------------------------------
     0 | D:1      | Gildeon the Gargoyle Fighter began the quest for the Orb.
     0 | D:1      | Reached XP level 1. HP: 14/14 MP: 1/1
   190 | D:1      | Reached XP level 2. HP: 19/19 MP: 2/2
   217 | D:1      | Reached skill level 3 in Maces & Flails
   401 | D:1      | Reached XP level 3. HP: 23/23 MP: 3/3
   832 | D:2      | Found Lyaxtetiu's Weapon Shop.
   899 | D:2      | Reached skill level 4 in Maces & Flails
   932 | D:2      | Found a faded altar of an unknown god.
  1205 | D:2      | Reached XP level 4. HP: 28/28 MP: 4/4
  1236 | D:2      | Noticed Terence
  1250 | D:2      | Killed Terence
  1488 | D:2      | Found a blossoming altar of Fedhas.
  1671 | D:2      | Found a runed translucent door.
  1672 | D:2      | Noticed Crazy Yiuf
  1682 | D:2      | Killed Crazy Yiuf
  1683 | D:2      | Reached skill level 5 in Maces & Flails
  1683 | D:2      | Reached XP level 5. HP: 12/32 MP: 5/5
  2204 | D:3      | Noticed Grinder
  2220 | D:3      | Killed Grinder
  2221 | D:3      | Reached skill level 6 in Maces & Flails
  2221 | D:3      | Reached XP level 6. HP: 37/37 MP: 6/6
  2264 | D:3      | Reached skill level 7 in Maces & Flails
  2470 | D:3      | Reached XP level 7. HP: 28/41 MP: 7/7
  2793 | D:3      | Found a runed translucent door.
  2794 | D:3      | Noticed casual's ghost (weakling DsTm)
  2814 | D:3      | Killed casual's ghost
  3099 | D:4      | Found a staircase to the Ecumenical Temple.
  3117 | Temple   | Entered the Ecumenical Temple
  3130 | Temple   | Became a worshipper of Ashenzari the Shackled
  3329 | D:4      | Reached skill level 8 in Maces & Flails
  3357 | D:4      | You fall into a shaft and drop 2 floors!
  3379 | D:6      | Noticed a steam dragon
  3388 | D:6      | Killed a steam dragon
  3400 | D:6      | HP: 2/41 [water moccasin (2)]
  3406 | D:6      | Reached skill level 9 in Maces & Flails
  3406 | D:6      | Reached XP level 8. HP: 3/46 MP: 8/8
  3412 | D:6      | HP: 2/46 [centaur zombie (1)]
  3496 | D:6      | Found a sand-covered staircase.
  3500 | Ossuary  | Entered an ossuary
  4361 | D:6      | Got the Catalogue of Mutagenic Arcane Weapons
  4441 | D:5      | Entered Level 5 of the Dungeon
  4611 | D:4      | Found Asutib's Weapon Emporium.
  5075 | D:4      | Noticed Eustachio
  5091 | D:4      | Killed Eustachio
  5092 | D:4      | Reached skill level 10 in Maces & Flails
  5939 | D:5      | Reached * piety under Ashenzari
  5946 | D:5      | Reached XP level 9. HP: 55/55 MP: 9/9
  6122 | D:5      | Reached skill level 1 in Dodging
  6185 | D:5      | Found a sacrificial altar of Ru.
  6427 | D:5      | Found a sparkling altar of Nemelex Xobeh.
  6559 | D:5      | Found an ancient bone altar of Kikubaaqudgha.
  6752 | D:6      | Reached ** piety under Ashenzari
  6861 | D:6      | Learned a level 3 spell: Stone Arrow
  6901 | D:7      | Reached skill level 11 in Maces & Flails
  6998 | D:7      | Noticed a hornet
  6998 | D:7      | Noticed a two-headed ogre
  7010 | D:7      | Killed a hornet
  7021 | D:7      | HP: 1/55 [two-headed ogre (24)]
  7022 | D:7      | Slain by a two-headed ogre

Illustrated notes

Levels and vault maps discovered:
D:1:      lightli_arrival_lavapool, layout_loops_ring
D:2:      layout_loops_corners, shapermc_ecumenical_altar_petra, serial_shops,
          nicolae_shop_bloodbath_and_beyond, basic_altar,
          uniq_crazy_yiuf_cottage, uniq_terence
D:3:      layout_rooms, gammafunk_ghost_grave, grunt_decor_junction,
          uniq_grinder
D:4:      layout_loops_corners, minmay_temple_entry_statues_fountains,
          serial_shops, nicolae_inconvenience_store, uniq_eustachio
D:5:      layout_loops_ring, lemuel_zombie_altar_kikubaaqudgha,
          mainiacjoe_overflow_alcove_4, lemuel_doored_altar, serial_bayou_pond_d
D:6:      layout_rooms, nicolae_ossuary_entry_false_entrances
D:7:      minmay_octagon_keep, layout_basic, mainiacjoe_overflow_alcove_1,
          gammafunk_ghost_icy, minmay_holes, corexii_hall_statues_i,
          minmay_hollow_rounded_squares, uniq_duvessa
Temple:   regret_index_temple_generic_petals

Skill      XL: |  1  2  3  4  5  6  7  8  9 |
---------------+----------------------------+-----
Maces & Flails | 3 4 5 6 7 9 10 11 | 11.1
Fighting       | 4 |  4.7
Dodging        | 1 |  1.9
Armour         | 4 |  4.4
Shields        | 4 |  4.4

Action                   |  1- 3 |  4- 6 |  7- 9 || total
-------------------------+-------+-------+-------++-------
Melee: Flail             |   104 |   143 |   325 ||   572
Invok: Curse Item        |       |       |     3 ||     3
  Use: Scroll            |       |       |     3 ||     3
       Potion            |       |       |     3 ||     3
Armor: Scale mail        |    67 |    68 |   115 ||   250
       Chain mail        |       |       |    38 ||    38
Dodge: Dodged            |    60 |    74 |   103 ||   237
Block: Buckler           |    14 |    20 |    54 ||    88

Table legend: (Time is in decaauts)
 A = Elapsed time spent in this place.
 B = Non-inter-level travel time spent in this place.
 C = Inter-level travel time spent in this place.
 D = Time resting spent in this place.
 E = Time spent auto-exploring this place.
 F = Levels seen in this place.
 G = Mean time per level.
                   A        B        C        D        E       F      G
               +--------+--------+--------+--------+--------+-----+--------+
         Total |   7045 |   6865 |    180 |    594 |   4875 |   9 |  782.8 |
       Dungeon |   6037 |   5882 |    155 |    393 |   4289 |   7 |  862.4 |
        Temple |    206 |    181 |     25 |      0 |    173 |   1 |  206.0 |
       Ossuary |    801 |    801 |      0 |    201 |    413 |   1 |  801.0 |
               +--------+--------+--------+--------+--------+-----+--------+

Top non-repeatable levels by time:
     D:4: 1356 daAuts
     D:2: 1321 daAuts
     D:3: 1055 daAuts
     D:5: 903 daAuts
 Ossuary: 801 daAuts
     D:1: 764 daAuts
     D:6: 514 daAuts
  Temple: 206 daAuts
     D:7: 122 daAuts
